Workbook

Sheet Coût et structure financement
A1: PROGRAMME DE DÉVELOPPEMENT TERRITORIAL ET SECTORIEL 2026 – 2027 Coût et structure de financement
L2: PDTS 2026-09
A3: SOUS-VOLET 1.1 – PLANIFICATIONS Secteurs agroalimentaires | G3: Paramètres d'aide financière sur les dépenses admissibles
A4: Titre du projet | G4: Taux maximal d'aide financière | I4: 0.8 | J4: Taux maximum de cumul des aides financières publiques | L4: 0.8
A5: Demandeur | G5: Montant minimal d'aide financière, incluant les frais d'administration | I5: 5000 | J5: Contribution minimale en argent et en nature | L5: 0.2
A6: No de dossier | G6: Montant maximal d'aide financière, incluant les frais d'administration | I6: 50000 | J6: Contribution minimale en argent | L6: 0.1
A8: Veuillez vous référer au document Instructions – Coût et structure de financement avant de remplir le fichier ainsi qu’au Guide du demandeur, disponibles sur le site Web Québec.ca, sous la rubrique Agriculture. Vous avez des questions ou besoin d’aide? Communiquez avec le Programme à pdts.sectoriel@mapaq.gouv.qc.ca.
A10: SECTION 1 – DESCRIPTION DES DÉPENSES ADMISSIBLES DIRECTEMENT LIÉES À LA RÉALISATION DU PROJET
A11: DÉPENSES | I11: RÉPARTITION DU FINANCEMENT DES DÉPENSES
A12: 1.1 – HONORAIRES PROFESSIONNELS ET CONTRACTUELS | H12: Coût de la dépense admissible ($) (avant taxes) | I12: Contribution du demandeur ou des partenaires | K12: Autre aide gouvernementale ($) | L12: Aide financière demandée au Programme ($)
A13: Description des honoraires professionnels et contractuels, y compris les frais de déplacement et de séjour | I13: En argent ($) (conserver les factures) | J13: En nature ($)
A14: Exemple : Firme ABC 35 000 $ dont 100 $ pour frais de déplacement et de repas | H14: 35000 | I14: 5000 | J14: Sans objet | K14: 0 | L14: =H14-I14-K14 -> 30000
L15: =H15-I15-K15 -> 0
L16: =H16-I16-K16 -> 0
A17: Sous-total des honoraires professionnels et contractuels | H17: =SUM(H15:H16) -> 0 | I17: =SUM(I15:I16) -> 0 | K17: =SUM(K15:K16) -> 0 | L17: =SUM(L15:L16) -> 0
A19: 1.2 – SALAIRE DU PERSONNEL DU DEMANDEUR ET DES PARTENAIRES | H19: Coût de la dépense admissible ($) (avant taxes) | I19: Contribution du demandeur ou des partenaires | K19: Autre aide gouvernementale ($) | L19: Aide financière demandée au Programme ($)
A20: Nom | C20: Organisation associée | D20: Catégorie d’emploi | E20: Taux horaire réel ($) | F20: Charges sociales (%) | G20: Heures prévues | I20: En argent ($) (conserver les factures) | J20: En nature ($)
A21: Exemple : Jacques Untel | C21: Regroupement ABC | D21: Agronome | E21: 55 | F21: 0.26 | G21: 100 | H21: =ROUND((E21+(E21*F21))*G21,0) -> 6930 | I21: Sans objet | J21: =H21 -> 6930 | K21: Sans objet | L21: Sans objet
D22: (À sélectionner) | F22: 0.26 | H22: =ROUND((E22+(E22*F22))*G22,0) -> 0 | J22: =H22 -> 0
D23: (À sélectionner) | F23: 0.26 | H23: =ROUND((E23+(E23*F23))*G23,0) -> 0 | J23: =H23 -> 0
D24: (À sélectionner) | F24: 0.26 | H24: =ROUND((E24+(E24*F24))*G24,0) -> 0 | J24: =H24 -> 0
D25: (À sélectionner) | F25: 0.26 | H25: =ROUND((E25+(E25*F25))*G25,0) -> 0 | J25: =H25 -> 0
D26: (À sélectionner) | F26: 0.26 | H26: =ROUND((E26+(E26*F26))*G26,0) -> 0 | J26: =H26 -> 0
D27: (À sélectionner) | F27: 0.26 | H27: =ROUND((E27+(E27*F27))*G27,0) -> 0 | J27: =H27 -> 0
D28: (À sélectionner) | F28: 0.26 | H28: =ROUND((E28+(E28*F28))*G28,0) -> 0 | J28: =H28 -> 0
D29: (À sélectionner) | F29: 0.26 | H29: 0 | J29: =H29 -> 0
D30: (À sélectionner) | F30: 0.26 | H30: =ROUND((E30+(E30*F30))*G30,0) -> 0 | J30: =H30 -> 0
D31: (À sélectionner) | F31: 0.26 | H31: =ROUND((E31+(E31*F31))*G31,0) -> 0 | J31: =H31 -> 0
D32: (À sélectionner) | F32: 0.26 | H32: =ROUND((E32+(E32*F32))*G32,0) -> 0 | J32: =H32 -> 0
D33: (À sélectionner) | F33: 0.26 | H33: =ROUND((E33+(E33*F33))*G33,0) -> 0 | J33: =H33 -> 0
D34: (À sélectionner) | F34: 0.26 | H34: =ROUND((E34+(E34*F34))*G34,0) -> 0 | J34: =H34 -> 0
D35: (À sélectionner) | F35: 0.26 | H35: =ROUND((E35+(E35*F35))*G35,0) -> 0 | J35: =H35 -> 0
D36: (À sélectionner) | F36: 0.26 | H36: =ROUND((E36+(E36*F36))*G36,0) -> 0 | J36: =H36 -> 0
D37: (À sélectionner) | F37: 0.26 | H37: =ROUND((E37+(E37*F37))*G37,0) -> 0 | J37: =H37 -> 0
D38: (À sélectionner) | F38: 0.26 | H38: =ROUND((E38+(E38*F38))*G38,0) -> 0 | J38: =H38 -> 0
D39: (À sélectionner) | F39: 0.26 | H39: =ROUND((E39+(E39*F39))*G39,0) -> 0 | J39: =H39 -> 0
D40: (À sélectionner) | F40: 0.26 | H40: =ROUND((E40+(E40*F40))*G40,0) -> 0 | J40: =H40 -> 0
D41: (À sélectionner) | F41: 0.26 | H41: =ROUND((E41+(E41*F41))*G41,0) -> 0 | J41: =H41 -> 0
A42: Sous-total du salaire du personnel | H42: =SUM(H22:H41) -> 0 | J42: =SUM(J22:J41) -> 0
A44: 1.3 – FRAIS DE DÉPLACEMENT ET DE SÉJOUR DU DEMANDEUR ET DES PARTENAIRES | G44: BARÈMES | H44: Coût de la dépense admissible ($) (avant taxes) | I44: Contribution du demandeur ou des partenaires | K44: Autre aide gouvernementale ($) | L44: Aide financière demandée au Programme ($)
A45: Type de frais | C45: Détails | I45: En argent ($) (conserver les factures) | J45: En nature ($)
A46: Exemple : | C46: Déplacement : 3 allers-retours Qc-Mtl env. 750 km / Frais de repas : 3 dîners / Frais d'hébergement : 1 nuitée à Québec | H46: 500 | L46: =H46-I46-J46-K46 -> 500
A47: Déplacement (km) | L47: =H47-I47-J47-K47 -> 0
A48: Frais de repas | L48: =H48-I48-J48-K48 -> 0
A49: Frais d'hébergement | L49: =H49-I49-J49-K49 -> 0
A50: Sous-total des frais de déplacement et de séjour | H50: =SUM(H47:H49) -> 0 | I50: =SUM(I47:I49) -> 0 | J50: =SUM(J47:J49) -> 0 | K50: =SUM(K47:K49) -> 0 | L50: =SUM(L47:L49) -> 0
A52: 1.4 – AUTRES FRAIS LIÉS À LA RÉALISATION DU PROJET (Frais de communication, frais d'acquisition de données, location de salles et d’équipements pour la tenue d'une activité) | H52: Coût de la dépense admissible ($) (avant taxes) | I52: Contribution du demandeur ou des partenaires | K52: Autre aide gouvernementale ($) | L52: Aide financière demandée au Programme ($)
I53: En argent ($) (conserver les factures) | J53: En nature ($)
A54: Location de salle & équipements | C54: Exemple : 2 locations de salle pour rencontre du comité filière à 300 $/jour | H54: 600 | J54: 300 | L54: =H54-I54-J54-K54 -> 300
A55: (À sélectionner) | L55: =H55-I55-J55-K55 -> 0
A56: (À sélectionner) | L56: =H56-I56-J56-K56 -> 0
A57: (À sélectionner) | L57: =H57-I57-J57-K57 -> 0
A58: (À sélectionner) | L58: =H58-I58-J58-K58 -> 0
A59: (À sélectionner) | L59: =H59-I59-J59-K59 -> 0
A60: Sous-total des autres frais | H60: =SUM(H55:H59) -> 0 | I60: =SUM(I55:I59) -> 0 | J60: =SUM(J55:J59) -> 0 | K60: =SUM(K55:K59) -> 0 | L60: =SUM(L55:L59) -> 0
A62: Sous-total des dépenses admissibles avant les FA | H62: =SUM(H17+H42+H50+H60) -> 0 | I62: =SUM(I17+I42+I50+I60) -> 0 | J62: =SUM(J17+J42+J50+J60) -> 0 | K62: =SUM(K17+K42+K50+K60) -> 0 | L62: =SUM(L17+L42+L50+L60) -> 0
A64: 1.5 – FRAIS D’ADMINISTRATION (FA) | H64: Maximum des FA admissibles | I64: Montant des FA en contribution nature | K64: Montant des FA demandé en aide financière
A65: Inscrire le montant de FA considéré en contribution nature dans la cellule « Montant des FA en contribution nature » et/ou celui demandé au Programme dans la cellule « Montant des FA demandé en aide financière ». Si le taux maximal d’aide financière (80 %) ou le plafond de 50 000 $ sont atteints, les frais d’administration ne pourront pas être réclamés en aide financière. Ils resteront toutefois admissibles comme contribution en nature. | H65: =ROUNDDOWN(L62*0.15,0) -> 0
H67: Total des dépenses admissibles | I67: Total des contributions en argent | J67: Total des contributions en nature | K67: Total des autres aides gouv. | L67: Total de l’aide financière demandée au Programme
A68: Total, incluant les FA | H68: =H17+H42+H50+H60+K65+I65 -> 0 | I68: =I17+I50+I60 -> 0 | J68: =J42+J50+J60+I65 -> 0 | K68: =K17+K50+K60 -> 0 | L68: =L17+L50+L60+K65 -> 0
I69: =I68+J68 -> 0 | K69: =K68+L68 -> 0
A70: Pourcentage des dépenses admissibles selon la catégorie | H70: =IF($H$68>0,H68/($H$68),0) -> 0 | I70: =IF($H$68>0,I68/($H$68),0) -> 0 | J70: =IF($H$68>0,J68/($H$68),0) -> 0 | K70: =IF($H$68>0,K68/($H$68),0) -> 0 | L70: =IFERROR(L68/H68,0) -> 0
I71: =I70+J70 -> 0 | K71: =K70+L70 -> 0
A72: Montant minimum de contribution en argent nécessaire selon le montant des dépenses admissibles | H72: =H68*0.1 -> 0
J73: Bilan de la demande
A74: Erreurs à corriger, s'il y a lieu : | J74: Coût total du projet | K74: =H68 -> 0
A75: =IF($H$68=$H$103,"","Veuillez remplir la section 2 ci-dessous. Le total des dépenses de la section 1 doit être égal au total des contributions de la section 2.")
A76: =IF(L68=0,"",(IF(L68>I6,"Montant maximal d'aide financière dépassé (max. 50 000 $)",IF(L68<I5,"Montant minimal d'aide financière non atteint (min. 5 000 $)","")))) | J76: Aide totale demandée au Programme | K76: =L68 -> 0
A77: =IF(L70=0,"",IF(L70>I4,"Taux maximal d'aide financière dépassé (80 % des dépenses admissibles)",""))
A78: =IF(H72="","",IF(I68<H72,"Montant minimal de la contribution en argent non atteint (10 % des dépenses admissibles en argent)",""))
A79: =IF(L70+K70>L4,"Taux maximal du cumul des aides financières publiques est dépassé (80 % des dépenses admissibles)","") | J79: Contributions du demandeur et des partenaires | K79: =I69 -> 0
A80: =IF((I65+K65)<=H65,"","Le maximum de FA admissibles est dépassé de "&(I65+K65-H65)&" $") | K80: dont
K81: =IF(I68="","",TEXT(I68,"# ##0")&" $ en argent") -> 0 $ en argent
A82: SECTION 2 – STRUCTURE DE FINANCEMENT
A83: Contributeur (demandeur, partenaire, ministère, organisme, société d’État, autre [précisez]) | C83: Précision sur la source de financement (subvention, fonds propres, prêt bancaire, prêt gouvernemental, bourse, autre source de financement [précisez]) | E83: Confirmation du financement (confirmé ou non confirmé) | F83: Montant de la contribution en argent ($) | G83: Montant de la contribution en nature ($) | H83: Total de la contribution ($)
A84: MAPAQ – Programme de développement territorial et sectoriel | C84: Subvention | H84: =L68 -> 0
A85: Autre aide gouvernementale | E85: (À sélectionner) | H85: =K68 -> 0
A86: Demandeur | C86: Frais d’administration sous forme de contribution en nature | G86: =I65 -> 0 | H86: =G86 -> 0
A87: Demandeur (autres contributions) | E87: (À sélectionner) | H87: =F87+G87 -> 0
A88: Partenaires :
E89: (À sélectionner) | H89: =F89+G89 -> 0
E90: (À sélectionner) | H90: =F90+G90 -> 0
E91: (À sélectionner) | H91: =F91+G91 -> 0
E92: (À sélectionner) | H92: =F92+G92 -> 0
E93: (À sélectionner) | H93: =F93+G93 -> 0
E94: (À sélectionner) | H94: =F94+G94 -> 0
E95: (À sélectionner) | H95: =F95+G95 -> 0
E96: (À sélectionner) | H96: =F96+G96 -> 0
E97: (À sélectionner) | H97: =F97+G97 -> 0
E98: (À sélectionner) | H98: =F98+G98 -> 0
A99: Financement du coût total du projet | F99: =SUM(F84:F98) -> 0 | G99: =SUM(G84:G98) -> 0 | H99: =SUM(H84:H98) -> 0

Sheet Source
A1: Dépenses autorisées
A2: Oui
A3: Non
A4: Partiellement
A5: Statut - Documents
A6: (À sélectionner)
A7: Conforme
A8: Non conforme
A9: Ne s'applique pas
A10: Questions : Contributeurs
A11: Oui
A12: Non
... A17: En argent et nature
A18: Profils | B18: Colonne1 | C18: Colonne2
A19: (À sélectionner) | B19: (À sélectionner)
A20: Agronome | B20: Agronome
A21: Chercheur(-euse) universitaire | B21: Chercheur(euse) universitaire
A22: Chercheur(-euse) de centre de recherche | B22: Chercheur(euse) de centre de recherche
A23: Étudiant(e) salarié(e) – postdoctorat | B23: Directeur(trice)
A24: Étudiant(e) salarié(e) – 3e cycle | B24: Étudiant(e)
A25: Étudiant(e) salarié(e) – 2e cycle | B25: Ingénieur(e)
A26: Étudiant(e) salarié(e) – 1er cycle | B26: Ouvrier(ière) agricole
A27: Étudiant(e) salarié(e) (autre) | B27: Producteur(trice) agricole
A28: Ingénieur(e) | B28: Professionnel(le) de recherche
A29: Ouvrier(-ière) | B29: Technicien(ne)
A30: Producteur(-trice) agricole | B30: Vétérinaire
... A32: Technicien(ne) | B32: Autre
A33: Vétérinaire
A34: Autre professionnel(le)
A35: Autre
A36: Demandeur ou partenaire | B36: Colonne1
A37: (À sélectionner)
A38: Université
A39: Autre demandeur
A40: Partenaire
A41: ='Coût et structure financement'!C87 -> 0 | B41: Partenaires 1
A42: ='Coût et structure financement'!C88 -> 0 | B42: Partenaires 2
A43: ='Coût et structure financement'!C89 -> 0 | B43: Partenaires 3
A44: ='Coût et structure financement'!C90 -> 0 | B44: Partenaires 4
A45: ='Coût et structure financement'!C94 -> 0 | B45: Partenaires 5
A46: Volets | B46: No selon le volet
A47: (À sélectionner) | B47: 0
A48: Sous-volet 1.1 — Planifications | B48: 1
A49: Sous-volet 1.2 — Coordination de la concertation | B49: 2
A50: Sous-volet 2.1 — Projets de développement du secteur agroalimentaire | B50: 3
A51: Sous-volet 2.2 — Projets de développement territorial – entreprises privées | B51: 4
A52: Sous-volet 2.2 — Projets de développement territorial – autres demandeurs | B52: 5
A53: Sous-volet 2.3 — Projets de développement du secteur des pêches et de l'aquaculture commerciales – projets structurants d'intérêt collectif | B53: 6
A54: Sous-volet 2.3 — Projets de développement du secteur des pêches et de l'aquaculture commerciales – projets d'intérêt collectif de mise en valeur du secteur | B54: 7
A55: Clientèle | B55: No selon la clientèle | C55: Sous-volet 1.1 | D55: Sous-volet 1.2 | E55: Sous-volet 2.1 | F55: Sous-volet 2.2 Entreprises privées | G55: Sous-volet 2.2 Autres demandeurs | H55: Sous-volet 2.3 - Structurants | I55: Sous-volet 2.3 - Mise en valeur
A56: (À sélectionner) | B56: CL0
A57: Associations du secteur des pêches et de l’aquaculture commerciales | B57: CL1 | H57: Oui | I57: Oui
A58: Associations ou regroupements d’entreprises du secteur agroalimentaire | B58: CL2 | C58: Oui | D58: Oui | E58: Oui
A59: Communautés ou nations autochtones reconnues par l’Assemblée nationale du Québec | B59: CL3 | C59: Oui | G59: Oui | I59: Oui
A60: Coopératives | B60: CL4 | G60: Oui | I60: Oui
A61: Entités municipales | B61: CL5 | C61: Oui | G61: Oui | I61: Oui
A62: Entreprises privées | B62: CL6 | F62: Oui
A63: Établissements de recherche | B63: CL7 | C63: Oui | D63: Oui | E63: Oui
A64: Établissements de transfert technologique | B64: CL8 | C64: Oui | D64: Oui | E64: Oui
A65: Organismes à but non lucratif | B65: CL9 | G65: Oui | H65: Oui | I65: Oui
A66: Organismes régionaux de promotion et de commercialisation des produits bioalimentaires | B66: CL10 | I66: Oui
A67: Structures de concertation sectorielle | B67: CL11 | C67: Oui | D67: Oui | E67: Oui
A68: Structures de concertation territoriale ou des organismes mandatés | B68: CL12 | C68: Oui | D68: Oui
A69: Table filière de l’aquaculture en eau douce du Québec | B69: CL13 | H69: Oui | I69: Oui
A70: Taux d'aide
A71: 0.5
A72: 0.8
A73: Type de financement (autre)
A74: (À sélectionner)
A75: Autres programmes du MAPAQ
A76: Autre financement public
A77: Autres
A78: Financement autre programme confirmé
A79: (À sélectionner)
A80: Confirmé
A81: Non confirmé
A82: Priorités
A83: (À sélectionner)
A84: Bonification de 10 % pour les projets dont les coûts sont affectés par le caractère unique lié à l'insularité et à l'isolement en raison de la position géographique de l'agglomération des Îles-de-la-Madeleine
A85: Sans objet
A86: Durée | B86: Durée en absolue
A87: (À sélectionner) | B87: 0
A88: 1 an | B88: 1
A89: 2 ans | B89: 2
A90: 3 ans | B90: 3
A91: Montant d'aide | B91: Montant minimum | C91: Montant brut | D91: Montant max | E91: Montant min | F91: Frais de location | G91: Autres frais et dépenses | H91: Minimum de contribution nécessaire
A92: Sous-volet 1.1 — Planifications | B92: 0 | C92: 0 | D92: 0 | E92: 0 | F92: Choisir un volet
A93: 50000 | B93: Maximum incluant FA
A94: 5000 | B94: Minimum incluant FA
A95: Aide financière
A96: 0.8 | B96: Maximum
A97: 0.8 | B97: Maximum du Cumul
A98: Frais d'administration % des dépenses admissibles
A99: 0.15
A101: Minimum de contribution en espèce
A102: 0.1 | B102: des dépenses admissibles
A104: ='Coût et structure financement'!L60+'Coût et structure financement'!L50+'Coût et structure financement'!L17 -> 0 | B104: Aide financière demandée avant FA
A105: ='Coût et structure financement'!I60+'Coût et structure financement'!I50+'Coût et structure financement'!I17 -> 0 | B105: Contribution en espèce avant FA
A106: ='Coût et structure financement'!J60+'Coût et structure financement'!J50+'Coût et structure financement'!J17 -> 0 | B106: Contribution nature avant FA
A107: ='Coût et structure financement'!K60+'Coût et structure financement'!K50+'Coût et structure financement'!K17 -> 0 | B107: Autres contributions gouvernementales avant FA
...
